 Dungeon Crawl Stone Soup version 0.27.1-34-g3ba077fa99 (webtiles) character file.

Game seed: 13370569839148229964

5498 shadowrider38 the Fighter (level 10, -7/136 HPs)
             Began as a Demonspawn Fighter on Jan 5, 2022.
             Was a Believer of Trog.
             Mangled by a vampire (10 damage)
             ... on level 10 of the Dungeon.
             The game lasted 00:34:36 (10751 turns).

shadowrider38 the Fighter (Demonspawn Fighter)     Turns: 10751, Time: 00:34:36

Health: -7/136     AC: 11    Str: 19    XL:     10   Next: 42%
Magic:  19/19      EV:  8    Int: 15    God:    Trog [**....]
Gold:   168        SH: 12    Dex: 14    Spells: 9/9 levels left

rFire    . . .     SeeInvis .   a - +0 trident
rCold    . . .     Faith    .   x - +2 kite shield
rNeg     . . .     Spirit   .   G - +1 swamp dragon scales
rPois    +         Reflect  .   (helmet restricted)
rElec    .         Harm     .   (no cloak)
rCorr    .         Rampage  .   D - +0 pair of gloves "Leufudit" {Int+6}
Will     .....                  (no boots)
Stlth    ..........             m - amulet of regeneration
HPRegen  1.32/turn              K - ring of magical power
MPRegen  0.32/turn              (no ring)

@: berserking, very quick
A: claws 2, hooves 1, horns 1, powered by pain 1, magic regeneration
a: Renounce Religion, Berserk, Trog's Hand


You were on level 10 of the Dungeon.
You worshipped Trog.
Trog was pleased with you.
You visited 2 branches of the dungeon, and saw 12 of its levels.

You collected 415 gold pieces.
You spent 247 gold pieces at shops.

Inventory:

Hand Weapons
 a - a +0 trident (weapon)
 c - a +4 hand axe of draining
 i - a +1 dagger of speed
 r - a +2 mace of venom
 u - a +1 dagger of freezing
 z - a +2 whip of venom
 F - a +2 vorpal long sword
Missiles
 e - 204 stones (quivered)
 q - 13 poisoned darts
 t - 2 javelins
Armour
 n - a +3 ring mail of willpower
 x - a +2 kite shield (worn)
 B - a +0 plate armour
 D - the +0 pair of gloves "Leufudit" (worn) {Int+6}
   (You bought it in a shop on level 1 of the Dungeon)

   Int:       It affects your intelligence (+6).
 G - +1 swamp dragon scales (worn)
Jewellery
 m - an amulet of regeneration (around neck)
 K - a ring of magical power (left hand)
Wands
 y - a wand of iceblast (4)
 A - a wand of digging (2)
Scrolls
 g - 2 scrolls of magic mapping
 h - a scroll of holy word {unknown}
 k - 2 scrolls of enchant weapon {unknown}
 o - a scroll of teleportation
 p - a scroll of brand weapon {unknown}
 s - 2 scrolls of silence {unknown}
 w - a scroll of noise {unknown}
 C - 2 scrolls of vulnerability {unknown}
 J - 2 scrolls of enchant armour {unknown}
 L - 3 scrolls of blinking {unknown}
Potions
 b - a potion of flight
 d - 2 potions of might
 f - a potion of ambrosia
 j - 4 potions of mutation {unknown}
 l - a potion of invisibility
 v - a potion of haste
 E - 2 potions of curing
 H - a potion of lignification {unknown}
 I - a potion of degeneration {unknown}


   Skills:
 + Level 12.6 Fighting
 - Level 1.7 Polearms
 + Level 6.6 Armour
 - Level 4.7 Shields
 - Level 4.5 Evocations


You had 9 spell levels left.
You didn't know any spells.
Your spell library was empty.

Dungeon Overview and Level Annotations

Branches:
Dungeon (11/15)            Temple (1/1) D:5
   Lair: D:8-11         Orc: D:9-12

Altars:
Ashenzari
Cheibriados
Elyvilon
Fedhas
Gozag
Hepliaklqana
Makhleb
Nemelex Xobeh
Okawaru
Qazlal
Ru
Trog
Uskayaw
Vehumet
Wu Jian
Xom
Yredelemnul
Zin
The Shining One

Shops:
D:1 [   D:6 [*   D:7 !   D:10 *

Annotations:
D:4 3 runed translucent doors, shaggyschweig's ghost, novice GrHu


Innate Abilities, Weirdness & Mutations

You have very sharp fingernails.
You have large cloven feet.
You have a pair of small horns on your head.
You sometimes gain a little power by taking damage.
You regenerate magic rapidly.


Message History

The vampire is moderately damaged.
You block the vampire's attack.
The vampire bites you but does no damage.
You block the vampire's attack.
The vampire bites you but does no damage.
You puncture the vampire! You kick the vampire, but do no damage.
You headbutt the vampire, but do no damage.
The vampire is severely damaged.
The vampire mumbles some strange words.
The vampire flickers and vanishes!
Deactivating autopickup; reactivate with Ctrl-A.
You hit something. Your headbutt misses something.
Something draws life force from you! You block something's attack.
Something bites you.
Something draws strength from your injuries!
You miss something. Your kick misses something.
Something draws life force from you!!
You closely miss something. Your kick misses something.
Something hits you but does no damage. Something bites you.
* * * LOW HITPOINT WARNING * * *
Something draws strength from your injuries!
A red film seems to cover your vision as you go berserk!
You feel yourself moving faster!
You feel mighty! Something hits you.
* * * LOW HITPOINT WARNING * * *
Something bites you!
* * * LOW HITPOINT WARNING * * *
Something draws strength from your injuries!
You closely miss something. You headbutt something. Something hits you!
* * * LOW HITPOINT WARNING * * *
Something bites you.
* * * LOW HITPOINT WARNING * * *
Something draws strength from your injuries!
You barely miss something. Something hits you.
* * * LOW HITPOINT WARNING * * *
Something bites you!
* * * LOW HITPOINT WARNING * * *
Something draws strength from your injuries!
You closely miss something. You kick something. You headbutt something.
Something hits you!
You die...

....$......:........
....................
....................
....................
....................
.###########.####### #.#
#.# #.# #{# ##.## #@#
###...### #.#
#.......########.#######
#..#.#..................
#.#...#......>..........
#...∩...................
#.#...#.................
#..#.#..................
#................^...(..


There were no monsters in sight!

Vanquished Creatures
  2 two-headed ogres
  Maggie (D:8)
  5 yaks (D:8)
  Duvessa (D:7)
  An acid dragon (D:10)
  A water moccasin (D:7)
  3 sky beasts
  Purgy (D:3)
  3 black bears
  6 ogres
  2 necrophages
  2 bullfrogs (D:6)
  A gnoll sergeant (D:5)
  A scorpion (D:4)
  Dowan (D:7)
  A water moccasin skeleton (D:5)
  7 killer bees
  2 howler monkeys
  4 hounds
  3 jellies
  2 gnoll shamans
  A bullfrog skeleton (D:6)
  3 iguanas (D:7)
  A scorpion zombie (D:5)
  Natasha (twice) (D:2)
  3 orc wizards
  A killer bee zombie (D:9)
  A howler monkey skeleton (D:7)
  A howler monkey zombie (D:6)
  19 gnolls
  6 adders
  A white imp (D:3)
  2 ufetubi
  2 dart slugs
  14 orcs
  6 ball pythons
  6 endoplasms
  A giant cockroach (D:2)
  5 goblins
  9 hobgoblins
  8 jackals
  3 kobolds
  3 quokkas
  5 bats
  6 frilled lizards
  5 rats
164 creatures vanquished.

Vanquished Creatures (others)
  5 plants (D:6)
5 creatures vanquished.

Grand Total: 169 creatures vanquished

Notes
Turn   | Place    | Note
-------+----------+-------------------------------------------
     0 | D:1      | shadowrider38 the Demonspawn Fighter began the quest for
                  | the Orb.
     0 | D:1      | Reached XP level 1. HP: 18/18 MP: 1/1
   387 | D:1      | Gained mutation: You have sharp fingernails. [demonic
                  | ancestry]
   387 | D:1      | Reached XP level 2. HP: 24/24 MP: 2/2
   615 | D:1      | Found Ofumn's Antique Armour Shop.
   753 | D:1      | Found a faded altar of an unknown god.
   776 | D:1      | Reached skill level 4 in Fighting
  1005 | D:1      | Reached XP level 3. HP: 30/30 MP: 3/3
  1032 | D:2      | Noticed Natasha
  1706 | D:2      | Found a blossoming altar of Fedhas.
  2305 | D:2      | Gained mutation: You regenerate magic rapidly. [demonic
                  | ancestry]
  2305 | D:2      | Reached XP level 4. HP: 38/38 MP: 4/4
  2360 | D:2      | Killed Natasha
  2361 | D:2      | Reached skill level 5 in Fighting
  3238 | D:3      | Gained mutation: You have very sharp fingernails. [demonic
                  | ancestry]
  3238 | D:3      | Reached XP level 5. HP: 44/46 MP: 5/5
  3281 | D:4      | Reached skill level 6 in Fighting
  3299 | D:3      | Found an ornate altar of the Wu Jian Council.
  3303 | D:3      | Found a sparkling altar of Nemelex Xobeh.
  3304 | D:3      | Found a sacrificial altar of Ru.
  3304 | D:3      | Found a snail-covered altar of Cheibriados.
  3307 | D:3      | Found a bloodstained altar of Trog.
  3308 | D:3      | Found an iron altar of Okawaru.
  3377 | D:3      | Became a worshipper of Trog the Wrathful
  3446 | D:3      | Noticed Purgy
  3488 | D:5      | Entered Level 5 of the Dungeon
  3493 | D:5      | Noticed an ogre
  3504 | D:5      | Killed an ogre
  3590 | D:5      | Gained mutation: You sometimes gain a little power by
                  | taking damage. [demonic ancestry]
  3590 | D:5      | Reached XP level 6. HP: 49/53 MP: 6/6
  3593 | D:5      | Noticed a sky beast
  3630 | D:5      | Reached skill level 7 in Fighting
  3656 | D:5      | Killed a sky beast
  3759 | D:4      | Reached skill level 8 in Fighting
  3759 | D:4      | Reached XP level 7. HP: 57/62 MP: 7/7
  3850 | D:4      | Found a runed translucent gate.
  3851 | D:4      | Found a runed translucent gate.
  3852 | D:4      | Found a runed translucent gate.
  3853 | D:4      | Noticed shaggyschweig's ghost (novice GrHu)
  4342 | D:6      | HP: 3/63 [ogre (14)]
  4366 | D:6      | Reached skill level 9 in Fighting
  4418 | D:7      | Found Jynteih's Distillery.
  4445 | D:5      | Found a stormy altar of Qazlal.
  5374 | D:5      | Found a staircase to the Ecumenical Temple.
  5383 | Temple   | Entered the Ecumenical Temple
  5547 | D:6      | Found Tuafar's Assorted Antiques.
  5557 | D:6      | Found Nemeb's Armour Shoppe.
  5596 | D:6      | Gained mutation: You have a pair of small horns on your
                  | head. [demonic ancestry]
  5596 | D:6      | Reached XP level 8. HP: 41/71 MP: 8/8
  6179 | D:6      | Reached skill level 10 in Fighting
  6317 | D:6      | Reached skill level 1 in Evocations
  6377 | D:7      | Noticed Dowan
  6390 | D:5      | Reached * piety under Trog
  7054 | D:3      | Killed Purgy
  7496 | D:2      | Noticed Natasha
  7503 | D:2      | Killed Natasha
  7676 | D:1      | Bought a pair of slimy gloves for 247 gold pieces
  7676 | D:1      | Identified the +0 pair of gloves "Leufudit" {Int+6} (You
                  | bought it in a shop on level 1 of the Dungeon)
  7853 | D:6      | Reached XP level 9. HP: 79/79 MP: 9/9
  8335 | D:7      | Noticed Duvessa
  8705 | D:7      | Reached skill level 11 in Fighting
  9006 | D:7      | Killed Dowan
  9190 | D:7      | Killed Duvessa
  9336 | D:8      | Noticed Maggie
  9397 | D:7      | Reached ** piety under Trog
  9531 | D:8      | Killed Maggie
  9817 | D:8      | Reached skill level 5 in Armour
  9829 | D:8      | Reached skill level 12 in Fighting
  9829 | D:8      | Gained mutation: You have large cloven feet. [demonic
                  | ancestry]
  9829 | D:8      | Reached XP level 10. HP: 45/89 MP: 10/10
  9919 | D:8      | Noticed a two-headed ogre
  9929 | D:8      | Killed a two-headed ogre
 10313 | D:9      | Noticed a two-headed ogre
 10319 | D:9      | Killed a two-headed ogre
 10521 | D:10     | Entered Level 10 of the Dungeon
 10670 | D:10     | Found Fod Jaf's Overcharged Wands.
 10750 | D:10     | HP: 2/136 [something (11)]
 10751 | D:10     | Mangled by a vampire

Illustrated notes

Levels and vault maps discovered:
D:1:      ebering_trefoil_twist, layout_basic, serial_shops, shop,
          ebering_ecumenical_altar_hall, chequers_serial_rivers_room_a
D:2:      layout_basic, basic_altar, uniq_natasha
D:3:      layout_loops_ring, minitemple, uniq_purgy
D:4:      layout_rooms, ebering_ghost_rock_garden, amethyst_killhole,
          minmay_door_square, minmay_stone_trees_medium
D:5:      layout_rooms, nicolae_qazlal_eye_of_the_storm, temple_hall
D:6:      kennysheep_spiral_hall, layout_loops_ring, serial_shops, shop,
          nicolae_shop_overgrown_old_shop, minmay_misc_feat_tiny,
          kennysheep_generic_room_10
D:7:      layout_rooms, nicolae_stop_n_shop_1, kennysheep_small_circle,
          uniq_duvessa
D:8:      layout_rooms, uniq_maggie
D:9:      layout_basic, grunt_temple_overflow_diamond, skrybe_limestone_x,
          kennysheep_decorative_pillar
D:10:     layout_long_grid, roderic_batcave, nicolae_shop_overcharged_wands
D:11:     kennysheep_big_flooded_room, layout_cave_pods,
          minmay_lair_entry_grove, orc_0_dummy
Temple:   jpeg_temple_clearing

Skill      XL: |  1  2  3  4  5  6  7  8  9 10 |
---------------+-------------------------------+-----
Fighting       | 4 5 6 8 9 10 12 | 12.6
Shields        | 3 4 |  4.7
Evocations     | 3 4 |  4.5
Armour         | 5 6 |  6.6
Polearms       | |  1.7

Action                   |  1- 3 |  4- 6 |  7- 9 | 10-12 || total
-------------------------+-------+-------+-------+-------++-------
Melee: Trident           |   138 |   145 |   438 |    55 ||   776
       Headbutt          |       |       |    74 |    14 ||    88
       Kick              |       |       |       |    14 ||    14
Throw: Stone             |     4 |    11 |    18 |       ||    33
       Dart              |       |     1 |    10 |       ||    11
       Javelin           |       |     1 |       |       ||     1
Invok: Berserk           |       |       |    10 |     4 ||    14
       Trog's Hand       |       |       |     1 |       ||     1
  Use: Scroll            |       |       |     8 |       ||     8
 Stab: Distracted        |       |       |     1 |       ||     1
Armor: Scale mail        |    70 |    74 |    29 |       ||   173
       Plate armour      |       |       |   116 |       ||   116
       Swamp dragon scal |       |       |    18 |    20 ||    38
Dodge: Dodged            |    34 |    27 |   113 |     9 ||   183
Block: Kite shield       |    62 |    61 |   285 |    29 ||   437
